 Dungeon Crawl Stone Soup version 0.20.1-1-g8b1a95d (webtiles) character file.

37 Sandy the Bolt Thrower (level 3, -4/29 HPs)
             Began as a Ghoul Hunter on Aug 29, 2017.
             Slain by a gnoll
             ... wielding a cursed -2 halberd
              (10 damage)
             ... on level 1 of the Dungeon.
             The game lasted 00:07:04 (1698 turns).

Sandy the Bolt Thrower (Ghoul Hunter)               Turns: 1698, Time: 00:07:05

Health: -4/29      AC:  3    Str: 16    XL:     3   Next: 39%
Magic:  2/2        EV: 11    Int:  6    God:
Gold:   65         SH:  0    Dex:  9    Spells: 2/2 levels left

rFire    . . .     SeeInvis .   a - +1 hand crossbow
rCold    + . .     Gourm    .   (no shield)
rNeg     + + +     Faith    .   b - +0 leather armour
rPois    ∞         Spirit   .   (no helmet)
rElec    .         Reflect  .   g - scarf {repulsion}
rCorr    .         Harm     .   (no gloves)
MR       .....                  (no boots)
Stlth    +.........             (no amulet)
Regen    0.0/turn               (no ring)
MPRegen  0.1/turn               (no ring)

@: rotting, repel missiles
A: rotting body, claws 1, carnivore 3, cold resistance 1, negative energy
resistance 3, inhibited regeneration, torment resistance, unbreathing
a: no special abilities


You were on level 1 of the Dungeon.
You were not hungry.

You visited 1 branch of the dungeon, and saw 2 of its levels.

You collected 65 gold pieces.

Inventory:

Hand Weapons
 a - a +1 hand crossbow (weapon)
 c - a +0 short sword
 m - a +3 dagger of venom
Missiles
 d - 8 bolts (quivered)
 h - 62 stones
Armour
 b - a +0 leather armour (worn)
 g - a scarf of repulsion (worn)
Scrolls
 i - a scroll of remove curse {unknown}
 j - 2 scrolls of immolation {unknown}
 k - a scroll of fog {unknown}
 l - a scroll of teleportation {unknown}
Potions
 e - 2 potions of degeneration {unknown}
 o - a potion of lignification {unknown}
 p - a potion of curing {unknown}
Comestibles
 f - 2 meat rations
 n - a chunk of flesh


   Skills:
 - Level 2.1 Fighting
 + Level 4.6 Crossbows
 - Level 1.7 Dodging
 - Level 1.1 Stealth


You had 2 spell levels left.
You didn't know any spells.

Dungeon Overview and Level Annotations

Branches:
Dungeon (2/15)

Altars:


Innate Abilities, Weirdness & Mutations

Your body is rotting away.
You thrive on raw meat.
You are immune to poison.
You have sharp fingernails.
You are carnivorous and can eat meat at any time.
Your flesh is cold resistant. (rC+)
You are immune to negative energy. (rN+++)
You do not regenerate when monsters are visible.
You are immune to unholy pain and torment.
You can survive without breathing.


Message History

The gnoll throws a stone.
The stone hits you but does no damage.
You see here a stone.
A rat comes into view.
Firing (i - inventory. (,) - cycle):
d - 11 bolts (quivered)
Press: ? - help, Shift-Dir - straight line, f/p - gnoll
Aim: a gnoll, wielding a halberd (severely wounded)
You shoot a bolt. The bolt hits the hobgoblin!
You kill the hobgoblin!
Firing (i - inventory. (,) - cycle):
d - 10 bolts (quivered)
Press: ? - help, Shift-Dir - straight line, f/p - gnoll
Aim: a gnoll, wielding a halberd (severely wounded)
You shoot a bolt. The bolt closely misses the gnoll.
The gnoll throws a stone.
The stone misses you.
Firing (i - inventory. (,) - cycle):
d - 9 bolts (quivered)
Press: ? - help, Shift-Dir - straight line, f/p - gnoll
Aim: a gnoll, wielding a halberd (severely wounded)
You shoot a bolt. The bolt hits the gnoll.
The gnoll is severely wounded.
The gnoll hits you from afar with a halberd!
You die...

......#####.## #.......)).
###(..(gg....# ###.######.
#...#####..# #.# #. ###...#
##.# ##.#### #. #.#.#.##
#.##### #.([..# #. .#.#.#.#
#..÷..# #..##.# #. #.#.#.###
#.###.# #(.##.# #. .#g#.#..#
#.# #.# ###..##.# #. #.#.#.#.#
#.# #@# #....##.###. .#%#.#..#
#.# #(# #.#.###.##.#
#.#(#.#.####.# #g# ##.#(#
#.###. .#.#.#.......# #.#
##....# #.# ##
....#.##########.###(g...# #.#
.......#####....(........# #.##
.........)##)#######.....###..#
.......##........# #.......##.#
....#.######.###.# #.....#....#


You could see a gnoll.

Vanquished Creatures
  An ooze (D:1)
  2 dart slugs (D:1)
  2 goblins (D:1)
  6 hobgoblins (D:1)
  2 jackals (D:1)
  6 bats (D:1)
  5 frilled lizards (D:1)
  5 rats (D:1)
29 creatures vanquished.

Notes
Turn   | Place    | Note
-------+----------+-------------------------------------------
     0 | D:1      | Sandy the Ghoul Hunter began the quest for the Orb.
     0 | D:1      | Reached XP level 1. HP: 17/17 MP: 0/0
   567 | D:1      | Reached skill level 4 in Crossbows
   567 | D:1      | Reached XP level 2. HP: 19/24 MP: 1/1
  1217 | D:1      | Reached XP level 3. HP: 17/28 MP: 2/2
  1698 | D:1      | Slain by a gnoll

Skill      XL: |  1 |
---------------+----+-----
Crossbows      | 4 |  4.6
Fighting       | |  2.1
Dodging        | |  1.7
Stealth        | |  1.1

Action                   || total
-------------------------++-------
Melee: Unarmed           ||   109
       Dagger            ||    19
 Fire: Hand crossbow     ||    13
Throw: Stone             ||    42
  Eat: Chunk             ||     4
Armor: Leather armour    ||    58
Dodge: Dodged            ||   121
       Deflected         ||     2
